 Dungeon Crawl Stone Soup version 0.31-a0-96-g196d5507e3 (webtiles) character file.

Game seed: 15068551157295931897

5 Colgate the Grave Robber (level 2, 20/20 HPs)
             Began as a Meteoran Necromancer on May 26, 2023.
             Was a Follower of Wu Jian.
             Quit the game on level 1 of the Dungeon.
             The game lasted 00:01:25 (100 turns).

Colgate the Grave Robber (Meteoran Necromancer)      Turns: 100, Time: 00:01:25

Health: 20/20      AC:  2    Str:  9    XL:     2   Next: 5%
Magic:  7/7        EV: 12    Int: 16    God:    Wu Jian [*.....]
Gold:   0          SH:  0    Dex: 14    Spells: 6/7 levels left

rFire   . . .        f - +1 dagger (venom)
rCold   . . .        (no shield)
rNeg    . . .        a - +0 robe
rPois   .            (no helmet)
rElec   .            (no cloak)
rCorr   .            (no gloves)
SInv    .            (no boots)
Will    .....        (no amulet)
Stlth   +            (no ring)
HPRegen 0.23/turn    (no ring)
MPRegen 0.10/turn

%: no passive effects
@: glowing
A: sense surroundings 1, otherworldly, glowing, explore regen
a: Renounce Religion


You were on level 1 of the Dungeon.
You worshipped Wu Jian.
Wu Jian was aware of your devotion.
You visited 1 branch of the dungeon, and saw 1 of its levels.

Inventory:

Hand Weapons
 d - a +0 hand axe
 f - a +1 dagger of venom (weapon)
Armour
 a - a +0 robe (worn)
Scrolls
 c - a scroll of identify {unknown}
Potions
 b - a potion of magic
 e - a potion of degeneration {unknown}


   Skills:
 - Level 2.4 Dodging
 - Level 1.4 Stealth
 + Level 3.3 Spellcasting
 - Level 4.3 Necromancy


You had 6 spell levels left.
You knew the following spells:

 Your Spells              Type           Power      Damage    Failure   Level
a - Necrotise             Necr           64%        1d7       3%          1

Your spell library contained the following spells:

 Spells                   Type           Power      Damage    Failure   Level
 Vampiric Draining        Necr           16%        2d7       9%          3
 Animate Dead             Necr           16%        N/A       30%         4
 Agony                    Necr           16%        N/A       63%         5


Dungeon Overview and Level Annotations

Branches:
Dungeon (1/15) Zot: 501

Altars:
Wu Jian


Innate Abilities, Weirdness & Mutations

You passively map a small area around you.
You are easily found by Zot.
You glow in the dark.
You regain HP and MP as you explore.


Message History

The kobold barely resists.
The kobold writhes in agony!
You kill the kobold!
You hear a splash. x2
Your Spellcasting skill increases to level 3!
Found a club, a leather armour and a yellow potion.
The goblin writhes in agony.
You kill the goblin!
You hear a splash.
The dead are walking!
Found a stone staircase leading down.
e - a yellow potion A frilled lizard comes into view.
A rat comes into view.
The frilled lizard barely resists.
The frilled lizard writhes in agony.
The frilled lizard writhes in agony.
You kill the frilled lizard!
The dead are walking!
Your goblin skeleton crumbles into dust!
You have reached level 2!
The rat writhes in agony.
You kill the rat!
The dead are walking!
Your hobgoblin skeleton crumbles into dust!
Found a stone staircase leading down.
Found an escape hatch in the floor.
Found a glowing dagger.
You see here a +1 dagger of venom.
Your +1 dagger of venom begins to drip with poison!
f - a +1 dagger of venom (weapon)
Found a faded altar of an unknown god.
There is a faded altar of an unknown god here.
This altar belongs to (a) Vehumet, (b) Wu Jian or (c) Elyvilon, but you can't tell which.
Press the corresponding letter to learn more about a god, or press enter to convert or escape to cancel.
Wu Jian accepts your prayer! The Council welcomes you!
You can now perform damaging attacks by moving towards foes.
You can now lightly attack monsters by moving around them.
Your frilled lizard skeleton crumbles into dust!
Okay, then.

##...# #....#,,
**.. #..###
#....#, ###
#..## #......,
* # #...##
#....#.. , #
#....##
#....... #
#.#...##
#....... ##
#.##...#####.#.
#####. #.
##........#
#...#. #.
#⌠@......# *
#.8.'. #.
#........#
#...#. #.
#...####...
..#####.
,#...## ,..
......#' ....##
. ,....#..
#...# , ,,
........ #..# *
####.#.# ###
#.#. . ..,


There were no monsters in sight!

Vanquished Creatures
  A goblin (D:1)
  A hobgoblin (D:1)
  A frilled lizard (D:1)
  A kobold (D:1)
  2 rats (D:1)
6 creatures vanquished.

Notes
Turn   | Place    | Note
-------+----------+-------------------------------------------
     0 | D:1      | Colgate the Meteoran Necromancer began the quest for the
                  | Orb.
     0 | D:1      | Reached XP level 1. HP: 14/14 MP: 5/5
    59 | D:1      | Reached XP level 2. HP: 20/20 MP: 2/7
    91 | D:1      | Found a faded altar of an unknown god.
    99 | D:1      | Prayed at the altar of an unknown god.
    99 | D:1      | Became a worshipper of the Wu Jian Council
    99 | D:1      | Reached * piety under Wu Jian
   100 | D:1      | Quit the game

Illustrated notes

Levels and vault maps discovered:
D:1:      minmay_arrival_stair_chambers, layout_rooms,
          hellmonk_ecumenical_altar_crossroads, serial_bayou,
          serial_bayou_pond_a, serial_bayou_ford_a, serial_bayou_pond_d,
          serial_bayou_lagoon_a, amcnicky_mini_corridor_feature

Skill      XL: |  1 |
---------------+----+-----
Spellcasting   | 3 |  3.3
Dodging        | |  2.4
Stealth        | |  1.4
Necromancy     | |  4.3

Action                     || total
---------------------------++-------
   Cast: Necrotise         ||     9

Table legend: (Time is in decaauts)
 A = Elapsed time spent in this place.
 B = Non-inter-level travel time spent in this place.
 C = Inter-level travel time spent in this place.
 D = Time resting spent in this place.
 E = Time spent auto-exploring this place.
 F = Levels seen in this place.
 G = Mean time per level.
                   A        B        C        D        E       F      G
               +--------+--------+--------+--------+--------+-----+--------+
         Total |     99 |     99 |      0 |      0 |      0 |   1 |   99.0 |
       Dungeon |     99 |     99 |      0 |      0 |      0 |   1 |   99.0 |
               +--------+--------+--------+--------+--------+-----+--------+

Top non-repeatable levels by time:
     D:1: 99 daAuts
